Map: [EWC] Site Delta

Players

herO - Winner!

  • Race: Protoss Protoss
  • Spawn Location: 11:00

GuMiho

  • Race: Terran Terran
  • Spawn Location: 5:00

Event: Esports World Cup 2024

VOD

Have the link to the VOD?

Description

Time

  • Played on: Aug. 17, 2024, 9:20 a.m.
  • Length: 11:52

All games in this series

Show
View Real Time Build Order
Export as new Build Order

herO Protoss - Winner!

Build Orders: 1 Gate Expand, Blink Stalkers 

Get SALT Encoding   

  12  0:00  Probe  
  13  0:12  Probe  
  14  0:17  Pylon  
  14  0:24  Probe  
  15  0:35  Gateway  
  15  0:36  Probe (Chrono Boost)  
  15  0:42  Assimilator  
  16  0:47  Probe (Chrono Boost)  
  17  0:52  Probe (Chrono Boost)  
  18  1:03  Probe  
  19  1:15  Probe  
  20  1:22  Zealot  
  20  1:24  Cybernetics Core  
  22  1:37  Nexus  
  22  1:42  Pylon  
  22  1:46  Probe  
  23  1:52  Assimilator  
  23  1:59  Adept (Chrono Boost)  
  23  2:00  Warp Gate  
  24  2:04  Probe  
  26  2:16  Probe  
  26  2:19  Adept (Chrono Boost)  
  29  2:28  Probe  
  30  2:34  Twilight Council  
  30  2:40  Probe  
  31  2:48  Stalker  
  31  2:49  Probe  
  34  2:53  Probe  
  35  2:58  Gateway  
  35  3:02  Blink (Chrono Boost), Probe  
  35  3:05  Probe  
  37  3:15  Probe  
  37  3:17  Probe  
  37  3:18  Stalker  
  41  3:24  Pylon  
  41  3:27  Probe  
  41  3:29  Probe  
  43  3:36  Robotics Facility  
  43  3:39  Probe  
  44  3:44  Gateway  
  44  3:49  Pylon  
  38  3:58  Stalker  
  39  4:02  Probe  
  39  4:03  Probe  
  40  4:15  Probe (Chrono Boost)  
  40  4:16  Stalker  
  44  4:19  Probe (Chrono Boost)  
  44  4:21  Stalker  
  46  4:26  Probe (Chrono Boost)  
  46  4:29  Probe (Chrono Boost)  
  46  4:31  Warp Prism, Probe (Chrono Boost)  
  51  4:40  Probe  
  51  4:42  Probe, Pylon  
  53  4:49  Nexus  
  53  4:54  Stalker  
  53  4:57  Stalker  
  57  5:02  Pylon  
  57  5:03  Probe (Chrono Boost)  
  57  5:05  Probe (Chrono Boost)  
  57  5:06  Observer  
  60  5:17  Probe (Chrono Boost)  
  60  5:18  Probe (Chrono Boost)  
  62  5:26  Probe (Chrono Boost)  
  62  5:27  Probe (Chrono Boost)  
  63  5:31  Probe (Chrono Boost)  
  63  5:32  Probe (Chrono Boost)  
  63  5:34  Gateway  
  63  5:35  Charge (Chrono Boost), Gateway  
  65  5:42  Probe  
  66  5:44  Probe  
  66  5:45  Shield Battery  
  66  5:46  Immortal  
  66  5:49  Shield Battery  
  71  5:53  Pylon  
  71  5:54  Probe  
  71  5:56  Probe  
  73  5:58  Gateway, Sentry  
  75  6:17  Zealot  
  77  6:18  Probe x2  
  77  6:21  Probe  
  77  6:22  Zealot  
  77  6:23  Gateway  
  77  6:25  Pylon, Immortal (Chrono Boost)  
  82  6:26  Shield Battery  
  82  6:31  Zealot x2  
  90  6:41  Gateway x2  
  90  6:49  Stalker x2  
  94  6:54  Probe  
  94  6:55  Probe  
  94  6:56  Assimilator, Probe  
  94  6:57  Observer  
  94  7:00  Assimilator  
  94  7:01  Forge  
  98  7:03  Forge  
  98  7:10  Zealot x3  
  98  7:11  Pylon  
  98  7:12  Probe x3  
  107  7:18  Robotics Bay  
  107  7:22  Zealot  
  109  7:26  Pylon x3  
  109  7:33  Zealot x3, Sentry  
  117  7:40  Pylon  
  117  7:44  Probe x3  
  120  7:48  Protoss Ground Armor Level 1 (Chrono Boost), Protoss Ground Weapons Level 1 (Chrono Boost)  
  120  7:52  Pylon  
  120  7:58  Colossus (Chrono Boost)  
  120  7:59  Nexus  
  120  8:03  Pylon  
  118  8:07  Observer  
  118  8:10  Zealot x4  
  133  8:20  Probe x3  
  133  8:24  Shield Battery  
  133  8:26  Zealot x4  
  143  8:30  Pylon  
  143  8:31  Extended Thermal Lance  
  143  8:35  Probe x3  
  146  8:42  Colossus (Chrono Boost)  
  146  8:48  Zealot x4  
  160  8:54  Zealot x2  
  164  9:01  Zealot  
  164  9:02  Zealot  
  144  9:11  Stalker  
  144  9:12  Stalker x3  
  144  9:15  Probe  
  144  9:16  Probe x2  
  144  9:17  Zealot x2  
  157  9:22  Probe  
  158  9:24  Pylon  
  158  9:28  Probe x2  
  160  9:33  Disruptor (Chrono Boost)  
  160  9:37  Stalker x4  
  172  9:41  Zealot  
  172  9:42  Zealot  
  176  9:47  Assimilator, Observer x2  
  176  9:52  Nexus  
  176  9:55  Shield Battery  
  176  9:57  Photon Cannon  
  176  10:08  Disruptor  
  176  10:10  Zealot x6  
  192  10:17  Photon Cannon  
  192  10:19  Pylon  
  192  10:25  Pylon  
  192  10:26  Zealot x2  
  196  10:33  Pylon  
  196  10:34  Dark Shrine  
  196  10:37  Gateway  
  196  10:40  Gateway  
  196  10:45  Gateway  
  196  10:46  Gateway, Robotics Facility  
  196  10:59  Disruptor  
  200  11:07  Zealot x8  
Show
View Real Time Build Order
Export as new Build Order

GuMiho Terran 

Build Orders: 1/1/1, Cyclone Opening 

Get SALT Encoding   

  12  0:00  SCV  
  13  0:12  SCV  
  14  0:16  Supply Depot  
  14  0:24  SCV  
  15  0:38  SCV  
  15  0:40  Barracks  
  16  0:43  Refinery  
  16  0:50  SCV  
  16  0:53  Refinery  
  17  1:02  SCV  
  18  1:14  SCV  
  19  1:26  Orbital Command  
  19  1:27  Reaper  
  19  1:29  Supply Depot  
  20  1:42  Factory  
  20  1:52  SCV  
  21  1:59  Barracks Reactor  
  21  2:04  SCV  
  22  2:17  Command Center  
  22  2:27  Starport  
  23  2:38  Cyclone  
  23  2:39  Cyclone  
  23  2:42  SCV  
  27  2:51  Supply Depot  
  27  2:54  SCV  
  27  3:04  Medivac  
  29  3:07  SCV  
  30  3:13  Hellion  
  30  3:14  Hellion  
  35  3:20  SCV  
  35  3:26  Barracks Tech Lab  
  35  3:32  SCV  
  36  3:37  Cyclone x2  
  40  3:44  SCV  
  41  3:50  Orbital Command  
  40  4:00  SCV  
  41  4:11  Supply Depot  
  41  4:12  SCV  
  42  4:17  SCV  
  42  4:19  Marine  
  42  4:20  Siege Tank  
  42  4:21  Marine  
  48  4:24  SCV  
  48  4:30  SCV  
  44  4:36  SCV  
  44  4:37  Bunker  
  45  4:39  Barracks  
  45  4:40  Marine, Barracks  
  45  4:41  Marine  
  45  4:44  SCV  
  48  4:48  SCV, Medivac  
  51  4:54  Supply Depot  
  51  4:57  Siege Tank  
  51  4:59  Marine  
  55  5:02  Marine  
  55  5:03  SCV  
  55  5:05  SCV  
  58  5:08  Supply Depot  
  58  5:15  SCV  
  58  5:16  Engineering Bay  
  58  5:17  SCV, Marine  
  58  5:20  Marine  
  62  5:27  SCV  
  61  5:29  SCV  
  61  5:35  Barracks Tech Lab  
  62  5:39  Factory Reactor  
  62  5:40  SCV  
  62  5:41  SCV  
  62  5:42  Terran Infantry Weapons Level 1  
  62  5:43  Combat Shield  
  62  5:46  Command Center  
  62  5:52  SCV  
  62  5:53  SCV  
  64  5:58  Barracks  
  64  5:59  Barracks  
  63  6:06  SCV x2  
  63  6:09  Marauder  
  62  6:11  Marine  
  61  6:18  SCV x2  
  61  6:22  Widow Mine x2  
  66  6:28  Refinery  
  66  6:30  SCV x2, Starport Reactor, Refinery  
  68  6:35  Missile Turret  
  68  6:36  Marauder  
  68  6:37  Marauder  
  68  6:39  Marine  
  73  6:40  Marine  
  73  6:42  SCV x2  
  73  6:44  Supply Depot  
  76  6:54  SCV  
  76  6:55  SCV  
  78  7:01  Supply Depot  
  78  7:03  Supply Depot  
  78  7:06  Marauder x2  
  78  7:07  SCV  
  82  7:09  Medivac x2  
  82  7:11  Orbital Command  
  82  7:13  SCV  
  87  7:19  SCV  
  87  7:22  Marine x2  
  90  7:23  Barracks Tech Lab, Barracks Reactor  
  90  7:25  SCV  
  90  7:27  Concussive Shells, Marauder, Widow Mine  
  90  7:29  Stimpack  
  95  7:31  SCV  
  95  7:35  Orbital Command  
  96  7:38  SCV, Terran Infantry Armor Level 1  
  96  7:39  Missile Turret  
  96  7:43  SCV  
  98  7:44  Marauder  
  98  7:47  Viking  
  98  7:50  SCV  
  103  7:52  Viking  
  105  8:01  Marauder x2  
  106  8:06  Marauder  
  106  8:09  Marine  
  106  8:11  Missile Turret  
  107  8:14  Marine x2  
  107  8:18  SCV x2  
  107  8:19  SCV  
  112  8:22  Marauder x2  
  116  8:29  Supply Depot  
  116  8:35  SCV  
  116  8:36  SCV x2, Viking x2  
  123  8:44  Supply Depot x2  
  123  8:45  Supply Depot  
  123  8:47  SCV  
  123  8:48  SCV x2  
  125  8:49  Siege Tank  
  125  8:56  Marauder x2  
  117  9:08  Marine x3  
  117  9:09  Marine x3  
  106  9:13  SCV x2  
  105  9:17  Marauder x2  
  102  9:26  Marine x4  
  102  9:27  Siege Tank, Viking  
  102  9:28  Viking  
  115  9:31  SCV x2  
  116  9:38  Marauder  
  116  9:42  Marauder  
  116  9:43  SCV x2  
  116  9:45  Marine  
  121  9:47  Marine  
  121  9:49  Marine x2  
  121  9:50  Marine  
  125  9:55  SCV x2  
  125  9:59  Supply Depot  
  129  10:00  Supply Depot, Marauder  
  129  10:05  Siege Tank  
  132  10:07  Orbital Command, SCV  
  132  10:10  Marine x2  
  132  10:11  Marine x2  
  137  10:15  Marine, Marauder  
  137  10:18  Marine  
  141  10:26  SCV  
  141  10:27  SCV  
  143  10:31  Orbital Command  
  143  10:35  Armory  
  143  10:37  Siege Tank  
  143  10:38  Marine x3, Marauder  
  143  10:39  Marine  
  152  10:48  Marine  
  152  10:49  Marine x2  
  155  10:50  Viking  
  155  10:56  Marine  
  158  11:00  Marauder  
Tags
 
Add a new tag
Caveats
  • Supply blocks, unpowered buildings, or Contaminate may cause inaccurate times.
  • Supply counts are checked every 10 seconds.